 Dungeon Sprint DCSS version 0.22-a0-422-g9628fc8 (webtiles) character file.

36 Kidiri the Magician (level 3, -5/21 HPs)
             Began as a Deep Elf Fire Elementalist on May 22, 2018.
             Slain by an ice beast (12 damage)
             ... in the Dungeon (Sprint IX: "|||||||||||||||||||||||||||||").
             The game lasted 00:00:43 (83 turns).

Kidiri the Magician (Deep Elf Fire Elementalist)      Turns: 83, Time: 00:00:44

Health: -5/21      AC:  2    Str:  5    XL:     3   Next: 19%
Magic:  11/11      EV: 14    Int: 20    God:
Gold:   0          SH:  0    Dex: 15    Spells: 11/12 levels left

rFire    . . .     SeeInvis .   (no weapon)
rCold    . . .     Gourm    .   (no shield)
rNeg     . . .     Faith    .   a - +0 robe
rPois    .         Spirit   .   (no helmet)
rElec    .         Reflect  .   (no cloak)
rCorr    .         Harm     .   (no gloves)
MR       .....     NoTele   +   (no boots)
Stlth    ++........             (no amulet)
HPRegen  0.07/turn              (no ring)
MPRegen  0.12/turn              (no ring)

@: no status effects
A: no striking features
a: no special abilities


You were in the Dungeon.
You were not hungry.

You visited 1 branch

Inventory:

Armour
 a - a +0 robe (worn)
Scrolls
 i - a scroll of blinking
Potions
 e - a potion of heal wounds
 f - a potion of haste
 g - a potion of magic
 h - a potion of berserk rage
Comestibles
 b - 3 chunks of flesh
 c - a ration


   Skills:
 + Level 1.6 Fighting
 + Level 1.7 Armour
 + Level 3.6 Dodging
 - Level 2.4 Stealth
 * Level 5.3 Spellcasting
 + Level 2.6 Conjurations
 + Level 4.2 Fire Magic


You had 11 spell levels left.
You knew the following spells:

 Your Spells              Type           Power        Failure   Level  Hunger
a - Flame Tongue          Conj/Fire      ###..        2%          1    None

Your spell library contained the following spells:

 Spells                   Type           Power        Failure   Level  Hunger
 Fireball                 Conj/Fire      ###.......   58%         5    #####..
 Conjure Flame            Conj/Fire      ###.....     9%          3    ##.....
 Throw Flame              Conj/Fire      ###...       4%          2    None
 Sticky Flame             Conj/Fire      ###.....     26%         4    ####...
 Inner Flame              Hex/Fire       ##......     14%         3    ##.....


Dungeon Overview and Level Annotations

Branches:
Dungeon (1/1)

Altars:


Message History

The ice beast is heavily wounded.
The orc wizard looks satisfied for a moment.
The ice beast hits you but does no damage.
Casting: Flame Tongue (safe; 2% risk of failure)
Confirm with . or Enter, or press ? or * to list all spells.
Aiming: Flame Tongue (safe; 2% risk of failure)
Press: ? - help, Shift-Dir - straight line, f/p - ice beast
Aim: an ice beast (heavily wounded)
The flame tongue misses the ice beast.
The flame tongue hits the giant cockroach.
The giant cockroach is heavily wounded.
The ice beast hits you. The ice beast freezes you!
* * * LOW HITPOINT WARNING * * *
Unknown command.
You feel better. The ice beast barely misses you.
Unknown command.
Magic courses through your body. The ice beast hits you.
The ice beast freezes you!
Ouch! That really hurt!
You die...

▓+▓
▓.▓
▓.▓
▓Z▓
▓o▓
▓s▓
▓Y▓
▓@▓
▓.▓
▓.▓
▓.▓
▓.▓
▓'▓
▓.▓
▓.▓
▓.▓


You could see an ice beast, an orc wizard, an adder zombie and a giant
cockroach.

Vanquished Creatures
  A hound (D)
  A giant cockroach (D)
  A kobold (D)
  A ball python (D)
  A bat (D)
  A rat (D)
6 creatures vanquished.

Notes
Turn   | Place    | Note
-------+----------+-------------------------------------------
     0 | D        | Kidiri the Deep Elf Fire Elementalist began the quest for the Orb.
     0 | D        | Reached XP level 1. HP: 10/10 MP: 6/6
    74 | D        | Noticed an orc wizard
    74 | D        | Noticed an ice beast
    74 | D        | Noticed a hound
    79 | D        | Killed a hound
    79 | D        | Reached skill level 1 in Fighting
    79 | D        | Reached skill level 1 in Armour
    79 | D        | Reached skill level 5 in Spellcasting
    79 | D        | Reached XP level 2. HP: 12/17 MP: 2/10
    79 | D        | Reached XP level 3. HP: 15/21 MP: 2/11
    83 | D        | Slain by an ice beast

Vault maps used:
D:        linesprint

Skill      XL: |  1 |
---------------+----+-----
Fighting       | 1 |  1.6
Armour         | 1 |  1.7
Dodging        | 3 |  3.6
Spellcasting   | 5 |  5.3
Conjurations   | 2 |  2.6
Fire Magic     | 4 |  4.2
Stealth        | |  2.4

Action                   || total
-------------------------++-------
 Cast: Flame Tongue      ||    12
  Use: Potion            ||     2
Armor: Robe              ||     3
Dodge: Dodged            ||     6

Table legend:
 A = Spawn XP
 B = Non-spawn XP
 C = Spawn XP percentage of total XP
 D = Spawn monster count
 E = Non-spawn monster count
 F = Spawn count percentage of total count
 G = Total turns spent on level
                    A         B        C        D         E        F      G
               +---------+---------+-------+---------+---------+-------+---------
         Total |       0 |      52 |   0.0 |       0 |       6 |   0.0 |    83
               +---------+---------+-------+---------+---------+-------+---------
             D |       0 |      52 |   0.0 |       0 |       6 |   0.0 |    83
               +---------+---------+-------+---------+---------+-------+---------
